 Dungeon Crawl Stone Soup version 0.30-a0-793-g160f7cfddd (webtiles) character file.

Game seed: 12235003227500642521

324 bande the Covered (level 6, -1/38 HPs)
             Began as a Gargoyle Fighter on Feb 19, 2023.
             Constricted to death by Sigmund (4 damage)
             ... on level 5 of the Dungeon.
             The game lasted 00:05:34 (4519 turns).

bande the Covered (Gargoyle Fighter)                Turns: 4519, Time: 00:05:34

Health: -1/38      AC: 16    Str: 19    XL:     6   Next: 48%
Magic:  6/6        EV:  2    Int: 14    God:
Gold:   315        SH:  0    Dex: 14    Spells: 5/5 levels left

rFire   + . .      SeeInvis .    a - +0 war axe
rCold   . . .      Faith    .    c - +0 buckler
rNeg    + . .      Spirit   .    g - +0 plate armour
rPois   ∞          Reflect  +    (no helmet)
rElec   +          Harm     .    (no cloak)
rCorr   .          Rampage  .    (no gloves)
Will    .....                    (no boots) Stlth
                                 p - amulet of reflection
HPRegen 0.26/turn                r - ring of protection from fire
MPRegen 0.10/turn                s - ring of Fosof {rPois Int+5 Dex+3}

@: confused, grasped by roots, constricted
A: sickness immunity, AC +4, negative energy resistance 1, electricity
resistance, torment resistance 1, petrification resistance
a: no special abilities


You were on level 5 of the Dungeon.
You visited 2 branches of the dungeon, and saw 6 of its levels.

You collected 315 gold pieces.

Inventory:

Hand Weapons
 a - a +0 war axe (weapon)
 i - a +0 flail
Armour
 c - a +0 buckler (worn)
 g - a +0 plate armour (worn)
Jewellery
 p - an amulet of reflection (around neck)
 r - a ring of protection from fire (left hand)
 s - the ring of Fosof (right hand) {rPois Int+5 Dex+3}
   (You found it on level 4 of the Dungeon)

   [ring of poison resistance]

   Int:       It affects your intelligence (+5).
   Dex:       It affects your dexterity (+3).
   rPois:     It protects you from poison.
Wands
 m - a wand of mindburst (8)
 q - a wand of roots (9)
Scrolls
 e - a scroll of butterflies {unknown}
 f - a scroll of identify {unknown}
 j - a scroll of teleportation {unknown}
 k - 2 scrolls of noise {unknown}
 o - a scroll of amnesia {unknown}
 t - a scroll of blinking {unknown}
Potions
 b - 2 potions of heal wounds
 d - 4 potions of might
 h - a potion of mutation {unknown}
 l - 5 potions of curing {unknown}
 n - 2 potions of berserk rage {unknown}
 u - a potion of experience {unknown}


   Skills:
 + Level 4.1 Fighting
 + Level 3.8 Axes
 + Level 4.5 Armour
 + Level 4.4 Shields
 * Level 1.6 Evocations


You had 5 spell levels left.
You didn't know any spells.
Your spell library contained the following spells:

 Spells                   Type           Power      Damage    Failure   Level
 Sandblast                Erth           0%         2d4       100%        1
 Passwall                 Tmut/Erth      0%         N/A       100%        2
 Stone Arrow              Conj/Erth      0%         3d7       100%        3
 Summon Forest            Summ/Tloc      0%         N/A       100%        5
 Summon Mana Viper        Hex/Summ       0%         N/A       100%        5
 Summon Cactus Giant      Summ           0%         N/A       100%        6


Dungeon Overview and Level Annotations

Branches:
Dungeon (5/15)             Temple (1/1) D:4

Altars:
Ashenzari
Cheibriados
Dithmenos
Kikubaaqudgha
Makhleb
Nemelex Xobeh
Qazlal
Ru
Trog
Uskayaw
Wu Jian
Xom
Yredelemnul
Zin
The Shining One

Shops:
D:4 =

Annotations:
D:5 Sigmund


Innate Abilities, Weirdness & Mutations

You are immune to sickness and miasma.
Your stone body is resilient. (AC +4)
You are immune to poison.
You resist negative energy. (rN+)
You are resistant to electric shocks. (rElec)
You are resistant to unholy torment.
You are immune to petrification.


Message History

You hear a shout!
You escape the roots grasp.
Something hits you but does no damage.
You closely miss something. Something hits you but does no damage.
You hit something but do no damage. Something hits you but does no damage.
You miss something. Something hits you but does no damage.
You hit something. You hit something.
You hear some strange, mumbled words.
Something tries to affect you, but you resist.
You hear some strange, mumbled words.
Something tries to affect you, but you resist.
You barely miss something. Something hits you but does no damage.
You barely miss something.
You hear a zap.
The roots erupt in riotous growth!
The grasping roots grab you!
You are constricted.
You hear a shout!
You barely miss something. Something hits you!
You are constricted.
You closely miss something.
You hear some strange, mumbled words.
A puff of flame appears from out of thin air!
The puff of flame hits you. You resist.
You are constricted.
The grasping roots release their grip on you.
You miss something. Something hits you.
You barely miss something. Something hits you!
You closely miss something. You block something's attack.
You closely miss something.
You hear some strange, mumbled words.
You are confused.
You hear a zap.
The roots erupt in riotous growth!
The grasping roots grab you!
You are constricted.
* * * LOW HITPOINT WARNING * * *
You hear a shout!
You bump into the rock wall.
Something hits you!
* * * LOW HITPOINT WARNING * * *
You are constricted.
You die...

.............# ..... .
#...........##....##
..##..#..............#
...........#.........#
.........#.#.........
##.......#.#...#...#
.......<.......#...# .
..........{......#.# ...
..........#@....##.#....
###......##.##..#......_
#.......#..##.....#
...................#
....#..............#
..###..............#
................
##....#...#......
....##.##.......


There were no monsters in sight!

Vanquished Creatures
  A hound (D:4)
  2 iguanas
  An orc wizard (D:4)
  5 gnolls
  8 adders
  4 worms
  2 dart slugs
  5 orcs (D:4)
  3 ball pythons
  4 endoplasms
  6 giant cockroaches
  10 goblins
  10 hobgoblins
  2 quokkas (D:3)
  4 bats (D:1)
  4 frilled lizards
  6 kobolds
  7 rats
84 creatures vanquished.

Notes
Turn   | Place    | Note
-------+----------+-------------------------------------------
     0 | D:1      | bande the Gargoyle Fighter began the quest for the Orb.
     0 | D:1      | Reached XP level 1. HP: 14/14 MP: 1/1
   350 | D:1      | Reached XP level 2. HP: 19/19 MP: 2/2
   610 | D:1      | Reached XP level 3. HP: 23/23 MP: 3/3
  1394 | D:2      | Reached XP level 4. HP: 29/29 MP: 4/4
  2221 | D:3      | Reached XP level 5. HP: 33/33 MP: 5/5
  2347 | D:3      | Reached skill level 1 in Evocations
  3181 | D:4      | Reached XP level 6. HP: 24/38 MP: 6/6
  3250 | D:4      | Identified the ring of Fosof {rPois Int+5 Dex+3}
  3348 | D:4      | Found a staircase to the Ecumenical Temple.
  3366 | Temple   | Entered the Ecumenical Temple
  3778 | D:4      | Found a glowing silver altar of Zin.
  3799 | D:4      | Found Surioce's Jewellery Shop.
  4028 | D:5      | Entered Level 5 of the Dungeon
  4028 | D:5      | Noticed Sigmund
  4497 | D:5      | Found an ancient bone altar of Kikubaaqudgha.
  4519 | D:5      | Constricted to death by Sigmund

Illustrated notes

Levels and vault maps discovered:
D:1:      elethiomel_arrival_quiet, layout_loops_corners, serial_park_tiny_2,
          minmay_misc_feat_square
D:2:      layout_basic, minmay_heptomino_d4
D:3:      layout_basic
D:4:      layout_rooms, zin_treasury, minmay_temple_entry_offerings,
          serial_shops, shop
D:5:      layout_cave_pools, old_standard_altar, minmay_starry_boxes,
          uniq_sigmund
Temple:   nicolae_temple_figure_eight

Skill      XL: |  1  2  3  4  5 |
---------------+----------------+-----
Axes           | 2 3 |  3.8
Shields        | 4 |  4.4
Armour         | 4 |  4.5
Fighting       | 4 |  4.1
Evocations     | 1 |  1.6

Action                     |  1- 3 |  4- 6 || total
---------------------------+-------+-------++-------
  Melee: War axe           |    99 |   216 ||   315
    Use: Potion            |       |     1 ||     1
 Armour: Scale mail        |    13 |       ||    13
         Plate armour      |    51 |   146 ||   197
  Dodge: Dodged            |    38 |    37 ||    75
  Block: Buckler           |    18 |   112 ||   130
         Reflection        |       |     2 ||     2

Table legend: (Time is in decaauts)
 A = Elapsed time spent in this place.
 B = Non-inter-level travel time spent in this place.
 C = Inter-level travel time spent in this place.
 D = Time resting spent in this place.
 E = Time spent auto-exploring this place.
 F = Levels seen in this place.
 G = Mean time per level.
                   A        B        C        D        E       F      G
               +--------+--------+--------+--------+--------+-----+--------+
         Total |   4648 |   4629 |     19 |    944 |   2670 |   6 |  774.7 |
       Dungeon |   4416 |   4397 |     19 |    944 |   2469 |   5 |  883.2 |
        Temple |    231 |    231 |      0 |      0 |    201 |   1 |  231.0 |
               +--------+--------+--------+--------+--------+-----+--------+

Top non-repeatable levels by time:
     D:3: 1414 daAuts
     D:4: 1121 daAuts
     D:1: 1047 daAuts
     D:2: 781 daAuts
  Temple: 231 daAuts
     D:5: 52 daAuts
